 Dungeon Crawl Stone Soup version 0.30-a0-219-gf2db51d15e (webtiles) character file.

Game seed: 10799648200082103159

44 Deadmen the Sneak (level 3, -5/15 HPs)
             Began as a Felid Earth Elementalist on Oct 7, 2022.
             Killed from afar by Sigmund (11 damage)
             ... with a magic dart
             ... on level 2 of the Dungeon.
             The game lasted 00:05:15 (940 turns).

Deadmen the Sneak (Felid Earth Elementalist)         Turns: 940, Time: 00:05:15

Health: -5/15      AC:  1    Str:  4    XL:     3   Next: 41%
Magic:  4/7        EV: 18    Int: 18    God:
Gold:   33         SH:  0    Dex: 16    Spells: 3/6 levels left
                                        Lives:  0   Deaths: 0

rFire   . . .      SeeInvis +    (weapon unavailable)
rCold   . . .      Faith    .    (shield unavailable)
rNeg    . . .      Spirit   .    (body armour unavailable)
rPois   .          Reflect  .    (helmet unavailable)
rElec   .          Harm     .    (cloak unavailable)
rCorr   .          Rampage  .    (gloves unavailable)
Will    .....                    (boots unavailable)
Stlth   ++........               b - amulet of regeneration
HPRegen 1.02/turn                (no ring)
MPRegen 0.10/turn                (no ring)

@: quick
A: very small, claws 1, fangs 3, see invisible, speed 1, shaggy fur 1, stealthy
paws, no weapons or thrown items, no armour, multi-lived
a: no special abilities


You were on level 2 of the Dungeon.
You visited 1 branch of the dungeon, and saw 2 of its levels.

You collected 33 gold pieces.

Inventory:

Jewellery
 b - an amulet of regeneration (around neck)
Scrolls
 c - a scroll of identify {unknown}
 e - a scroll of teleportation {unknown}
Potions
 a - a potion of magic
 d - a potion of curing {unknown}


   Skills:
 + Level 0.9 Fighting
 + Level 3.2 Dodging
 + Level 3.3 Stealth
 + Level 2.2 Spellcasting
 + Level 1.7 Transmutations
 + Level 3.0 Earth Magic


You had 3 spell levels left.
You knew the following spells:

 Your Spells              Type           Power      Damage    Failure   Level
a - Sandblast             Erth           26%        2d8       4%          1
b - Passwall              Tmut/Erth      8%         N/A       10%         2

Your spell library contained the following spells:

 Spells                   Type           Power      Damage    Failure   Level
 Stone Arrow              Conj/Erth      14%        3d7       28%         3
 Petrify                  Tmut/Erth      10%        N/A       54%         4


Dungeon Overview and Level Annotations

Branches:
Dungeon (1/15) Zot: 11121

Altars:

Annotations:
D:2 Sigmund


Innate Abilities, Weirdness & Mutations

You have sharp claws.
You have razor-sharp teeth.
You have supernaturally acute eyesight. (SInv)
You cover ground quickly. (Speed+)
You are covered in fur. (AC +1)
Your paws help you pounce on unaware monsters.
You are incapable of wielding weapons or throwing items.
You cannot wear armour.
You gain extra lives every three experience levels.


Message History

Casting: Sandblast (safe; 4% risk of failure)
Confirm with . or Enter, or press ? or * to list all spells.
Aiming: Sandblast (safe; 4% risk of failure)
Press: ? - help, Shift-Dir - straight line, f - ball python
Aim: a ball python (wandering, hasn't noticed you, 80% to hit)
The blast of sand hits the ball python!
You kill the ball python!
Found 7 stones.
Sigmund the Dreaded comes into view.
He is wielding a +2 scythe of venom.
Found 13 gold pieces.
Sigmund shouts!
Things that are here:
a scroll labelled SYELLU DIUMU; a ball python corpse
Found a stone staircase leading down.
You see here 7 gold pieces.
Casting: Sandblast (safe; 4% risk of failure)
Confirm with . or Enter, or press ? or * to list all spells.
Aiming: Sandblast (safe; 4% risk of failure)
Press: ? - help, Shift-Dir - straight line, f - Sigmund
Aim: Sigmund, wielding a +2 scythe of venom and wearing a +0 robe (80% to hit)
The blast of sand hits Sigmund!
Sigmund is moderately wounded.
Sigmund points at you and mumbles some strange words.
The magic dart hits you!
Ouch! That really hurt!
e - a scroll labelled SYELLU DIUMU You see here a ball python corpse.
Casting: Sandblast (safe; 4% risk of failure)
Confirm with . or Enter, or press ? or * to list all spells.
Aiming: Sandblast (safe; 4% risk of failure)
Press: ? - help, Shift-Dir - straight line, f/p - Sigmund
Aim: Sigmund, wielding a +2 scythe of venom and wearing a +0 robe (moderately wounded, 80% to hit)
The blast of sand hits Sigmund!
Sigmund is severely wounded.
Casting: Sandblast (safe; 4% risk of failure)
Confirm with . or Enter, or press ? or * to list all spells.
Aiming: Sandblast (safe; 4% risk of failure)
Press: ? - help, Shift-Dir - straight line, f/p - Sigmund
Aim: Sigmund, wielding a +2 scythe of venom and wearing a +0 robe (severely wounded, 80% to hit)
The blast of sand hits Sigmund!
Sigmund is almost dead.
Sigmund mumbles some strange words.
Sigmund flickers and vanishes for a moment.
Sigmund points at you and mumbles some strange words.
The magic dart hits you!
Ouch! That really hurt!
Sigmund gestures at you while chanting. The magic dart hits you!
Ouch! That really hurt!
You die...

............
######.####
$.. #.# ....
#####.# ...
####.....# ...
####....#####
#.# ##....####
#.# ###..####
#####.###.@.##
#.....@...###
#....$#####
#.......#
#....@#....
#.(...###..#
#.....> ##
##..... #.....


You could see Sigmund (invisible).

Vanquished Creatures
  4 dart slugs (D:1)
  3 endoplasms
  A goblin (D:1)
  5 hobgoblins
  6 jackals (D:1)
  3 kobolds (D:1)
  A quokka (D:1)
  3 ball pythons
  5 bats (D:1)
  A frilled lizard (D:1)
  A rat (D:1)
33 creatures vanquished.

Notes
Turn   | Place    | Note
-------+----------+-------------------------------------------
     0 | D:1      | Deadmen the Felid Earth Elementalist began the quest for
                  | the Orb.
     0 | D:1      | Reached XP level 1. HP: 7/7 MP: 4/4
   173 | D:1      | Reached XP level 2. HP: 12/12 MP: 1/6
   342 | D:1      | Learned a level 2 spell: Passwall
   600 | D:1      | Reached XP level 3. HP: 15/15 MP: 3/7
   891 | D:1      | You fall into a shaft and drop 1 floor!
   930 | D:2      | Noticed Sigmund
   940 | D:2      | Killed from afar by Sigmund

Illustrated notes

Levels and vault maps discovered:
D:1:      minmay_arrival_up_and_down, layout_rooms
D:2:      layout_rooms, hellmonk_ecumenical_altar_defaced_shrine,
          minmay_misc_feat_columns, uniq_natasha, uniq_sigmund, uniq_jessica

Skill      XL: |  1  2 |
---------------+-------+-----
Dodging        | 3 |  3.2
Stealth        | 3 |  3.3
Earth Magic    | 3 |  3.0
Fighting       | |  0.9
Spellcasting   | |  2.2
Transmutations | |  1.7

Action                   || total
-------------------------++-------
Melee: Unarmed           ||     5
       Bite              ||     3
 Cast: Sandblast         ||    55
Armor: Skin              ||     2
Dodge: Dodged            ||    17

Table legend: (Time is in decaauts)
 A = Elapsed time spent in this place.
 B = Non-inter-level travel time spent in this place.
 C = Inter-level travel time spent in this place.
 D = Time resting spent in this place.
 E = Time spent auto-exploring this place.
 F = Levels seen in this place.
 G = Mean time per level.
                   A        B        C        D        E       F      G
               +--------+--------+--------+--------+--------+-----+--------+
         Total |    878 |    878 |      0 |    320 |    228 |   2 |  439.0 |
       Dungeon |    878 |    878 |      0 |    320 |    228 |   2 |  439.0 |
               +--------+--------+--------+--------+--------+-----+--------+

Top non-repeatable levels by time:
     D:1: 832 daAuts
     D:2: 46 daAuts
